 Dungeon Crawl Stone Soup version 0.27-a0-1219-g958d993ae5 (webtiles) character file.

Game seed: 4219535942125182091

1684 polve the Shield-Bearer (level 8, -3/64 HPs)
             Began as a Demonspawn Abyssal Knight on June 6, 2021.
             Was a Believer of Lugonu.
             Slain by an ogre
             ... wielding a +0 giant spiked club
              (9 damage)
             ... on level 7 of the Dungeon.
             The game lasted 00:05:54 (7045 turns).

polve the Shield-Bearer (Demonspawn Abyssal Knight) Turns: 7045, Time: 00:05:54

Health: -3/64      AC: 17    Str: 15    XL:     8   Next: 71%
Magic:  9/9        EV:  3    Int: 14    God:    Lugonu [**....]
Gold:   325        SH: 10    Dex: 12    Spells: 7/7 levels left

rFire    + . .     SeeInvis .   n - +2 short sword (protect)
rCold    . . .     Faith    .   o - +0 kite shield
rNeg     . . .     Spirit   .   i - +0 plate armour
rPois    .         Reflect  .   h - +0 helmet
rElec    .         Harm     .   (no cloak)
rCorr    .         Rampage  .   v - +0 pair of gloves
Will     .....                  (no boots)
Stlth    ..........             (no amulet)
HPRegen  0.20/turn              x - ring of protection from fire
MPRegen  0.11/turn              e - ring of wizardry

@: no status effects
A: talons 1, icy blue scales 2, foul stench 1
a: Renounce Religion, Depart the Abyss, Bend Space


You were on level 7 of the Dungeon.
You worshipped Lugonu.
Lugonu was pleased with you.
You visited 1 branch of the dungeon, and saw 7 of its levels.
You visited the Abyss 1 time.

You collected 325 gold pieces.

Inventory:

Hand Weapons
 n - a +2 short sword of protection (weapon)
Armour
 h - a +0 helmet (worn)
 i - a +0 plate armour (worn)
 o - a +0 kite shield (worn)
 v - a +0 pair of gloves (worn)
Jewellery
 e - a ring of wizardry (right hand)
 s - a ring of ice
 x - a ring of protection from fire (left hand)
Wands
 r - a wand of iceblast (8)
Scrolls
 d - 2 scrolls of teleportation
 f - 3 scrolls of blinking {unknown}
 g - 2 scrolls of holy word
 k - 2 scrolls of noise {unknown}
 m - 3 scrolls of fog {unknown}
 p - 3 scrolls of amnesia {unknown}
 t - a scroll of enchant weapon {unknown}
 w - a scroll of summoning {unknown}
 y - 4 scrolls of identify
 z - 2 scrolls of magic mapping {unknown}
 B - a scroll of fear {unknown}
Potions
 a - a potion of mutation {unknown}
 b - a potion of brilliance {unknown}
 c - 3 potions of heal wounds
 j - a potion of berserk rage {unknown}
 l - a potion of flight {unknown}
 q - 3 potions of curing {unknown}
 u - a potion of invisibility {unknown}
 A - 2 potions of attraction {unknown}
 C - 4 potions of might {unknown}
 D - a potion of haste {unknown}
 E - 2 potions of degeneration {unknown}


   Skills:
 - Level 6.0 Fighting
 - Level 4.0 Short Blades
 + Level 4.0 Armour
 - Level 2.0 Dodging
 - Level 7.0 Shields
 - Level 2.4 Invocations


You had 7 spell levels left.
You didn't know any spells.
Your spell library contained the following spells:

 Spells                   Type           Power      Damage    Failure   Level
 Animate Skeleton         Necr           0%         N/A       100%        1
 Apportation              Tloc           0%         N/A       100%        1
 Beastly Appendage        Tmut           0%         N/A       100%        1
 Corona                   Hex            0%         N/A       100%        1
 Sandblast                Erth           0%         2d4       100%        1
 Sting                    Tmut/Pois      0%         1d3       100%        1
 Summon Small Mammal      Summ           0%         N/A       100%        1
 Passwall                 Tmut/Erth      0%         N/A       100%        2
 Poisonous Vapours        Pois/Air       0%         N/A       100%        2
 Wereblood                Tmut           0%         N/A       100%        2
 Ignite Poison            Fire/Tmut/Pois 0%         N/A       100%        3
 Mephitic Cloud           Conj/Pois/Air  0%         N/A       100%        3
 Spider Form              Tmut/Pois      0%         N/A       100%        3
 Stone Arrow              Conj/Erth      0%         3d7       100%        3
 Ice Form                 Ice/Tmut       0%         N/A       100%        4
 Olgreb's Toxic Radiance  Pois           0%         N/A       100%        4
 Petrify                  Tmut/Erth      0%         N/A       100%        4
 Hydra Form               Tmut           0%         N/A       100%        5
 Lee's Rapid Deconstruct  Erth           0%         3d5*      100%        5


Dungeon Overview and Level Annotations

Branches:
Dungeon (7/15)             Temple (0/1) D:5

Altars:
Ru
Vehumet


Innate Abilities, Weirdness & Mutations

You have sharp toenails.
You are mostly covered in icy blue scales. (AC +3)
You may rarely emit foul miasma when damaged in melee.


Message History

You block the sky beast's attack. The orc hits you but does no damage.
You closely miss the ogre. Your kick misses the ogre.
The ogre hits you with a +0 giant spiked club!
The orc hits you but does no damage.
The sky beast hits you but does no damage.
Found a scroll labelled OSIJER WIYTRIUTH.
You hit the ogre. You claw the ogre, but do no damage.
The ogre is lightly wounded.
The ogre hits you with a +0 giant spiked club.
You hit the ogre. Your kick misses the ogre.
The ogre is moderately wounded.
The sky beast flickers out of sight!
Deactivating autopickup; reactivate with Ctrl-A.
The ogre hits you with a +0 giant spiked club!
You hit the ogre. You claw the ogre.
The ogre is heavily wounded.
The ogre hits you but does no damage.
You hit the ogre.
The ogre is severely wounded.
The orc hits you with a +0 mace.
A sky beast appears from thin air!
Reactivating autopickup.
The orc hits you but does no damage.
You hit the ogre. Your kick misses the ogre.
The ogre is almost dead.
The ogre hits you but does no damage. You block the orc's attack.
You barely miss the ogre. Your kick misses the ogre.
The ogre is almost dead.
The ogre hits you with a +0 giant spiked club!
* * * LOW HITPOINT WARNING * * *
The orc hits you but does no damage.
You barely miss the ogre.
The ogre is almost dead.
The ogre hits you with a +0 giant spiked club!
* * * LOW HITPOINT WARNING * * *
The orc hits you but does no damage.
There is a stone staircase leading up here.
You barely miss the ogre. You claw the ogre.
The ogre is almost dead.
The ogre hits you with a +0 giant spiked club!
You die...

. #≈...≈# # . #≈._.≈# .....
....... . #≈...≈# ##!...
......... #.#.≈≈≈.#...!...
......... #.#.....#.......
#........ ...#...#.###
)..###........
#.#.#.#.!....##............
#..O.#............)........
##...........###@..≈.......
##.............!O##.#.....
............$...o##.#.....
........#....###.Y.........
###.<..###.>...............
#....# ..########...##...
........# #...# ##
###.....)... #..##
#....##### ...#


You could see a sky beast, an ogre and an orc.

Vanquished Creatures
  A shadow (D:5)
  A black bear (D:4)
  A necrophage (D:5)
  3 ogres
  3 centaurs
  A phantom (D:4)
  2 scorpions (D:6)
  A water moccasin skeleton (D:6)
  2 howler monkeys (D:7)
  A bullfrog zombie (D:5)
  5 hounds
  2 bullfrog skeletons
  A centaur skeleton (D:6)
  An iguana (D:6)
  An orc wizard (D:6)
  A scorpion zombie (D:5)
  A killer bee zombie (D:6)
  A hound skeleton (D:3)
  3 gnolls
  8 adders
  3 worms
  3 dart slugs
  13 orcs
  4 endoplasms
  3 giant cockroaches
  3 goblins
  5 hobgoblins
  A jackal (D:4)
  4 kobolds
  4 quokkas
  2 ball pythons
  A bat (D:3)
  2 frilled lizards (D:1)
  7 rats
95 creatures vanquished.

Vanquished Creatures (others)
  A ball python (D:2)
1 creature vanquished.

Grand Total: 96 creatures vanquished

Notes
Turn   | Place    | Note
-------+----------+-------------------------------------------
     0 | Abyss:1  | polve the Demonspawn Abyssal Knight began the quest for the
                  | Orb.
     0 | Abyss:1  | Reached XP level 1. HP: 18/18 MP: 2/2
   131 | Abyss:3  | Noticed a lich
   132 | Abyss:3  | Noticed a worldbinder
   133 | Abyss:3  | Noticed a merfolk siren
   133 | Abyss:3  | Noticed a manticore
   135 | Abyss:3  | Noticed a manticore
   135 | D:1      | Escaped the Abyss
   609 | D:1      | Reached * piety under Lugonu
   610 | D:1      | Gained mutation: You have sharp toenails. [demonic
                  | ancestry]
   610 | D:1      | Reached XP level 2. HP: 24/24 MP: 3/3
   904 | D:2      | Found a faded altar of an unknown god.
  1067 | D:2      | Reached XP level 3. HP: 27/29 MP: 4/4
  2197 | D:3      | Gained mutation: You may rarely emit foul miasma when
                  | damaged in melee. [demonic ancestry]
  2197 | D:3      | Reached XP level 4. HP: 35/35 MP: 5/5
  2885 | D:3      | Gained mutation: You are partially covered in icy blue
                  | scales. (AC +2) [demonic ancestry]
  2885 | D:3      | Reached XP level 5. HP: 41/42 MP: 6/6
  3119 | D:3      | Found a radiant altar of Vehumet.
  3539 | D:4      | You fall into a shaft and drop 3 floors!
  3563 | D:7      | Reached skill level 1 in Shields
  3578 | D:7      | Noticed a centaur
  3595 | D:7      | Noticed an ogre
  3604 | D:7      | Reached skill level 2 in Shields
  3604 | D:7      | Reached XP level 6. HP: 23/50 MP: 7/7
  3607 | D:7      | Reached skill level 5 in Fighting
  3614 | D:7      | Found a sacrificial altar of Ru.
  3909 | D:6      | Reached skill level 3 in Shields
  3921 | D:6      | Reached XP level 7. HP: 42/57 MP: 8/8
  4038 | D:5      | Entered Level 5 of the Dungeon
  4044 | D:5      | Noticed a shadow
  4300 | D:4      | Reached ** piety under Lugonu
  4601 | D:4      | Reached skill level 4 in Shields
  4996 | D:4      | Reached skill level 5 in Shields
  5351 | D:5      | Reached skill level 6 in Shields
  5351 | D:5      | Gained mutation: You are mostly covered in icy blue scales.
                  | (AC +3) [demonic ancestry]
  5351 | D:5      | Reached XP level 8. HP: 64/64 MP: 9/9
  5379 | D:5      | Found a staircase to the Ecumenical Temple.
  5489 | D:5      | Identified the +0 mace of Cuuklyte {venom, rPois rF+}
  5651 | D:5      | Reached skill level 7 in Shields
  6305 | D:6      | Reached skill level 1 in Dodging
  7045 | D:7      | Slain by an ogre

Illustrated notes

Levels and vault maps discovered:
D:1:      lemuel_arrival_behind_the_door_small, layout_basic
D:2:      layout_loops_ring, basic_ecumenical_altar, lemuel_flame_loot_1
D:3:      layout_basic, nicolae_vehumet_radiance
D:4:      layout_cave_pods, minmay_fractal_squares_gapless_5
D:5:      layout_loops_ring, minmay_temple_entry_sparse_star,
          grunt_decor_clamped
D:6:      layout_basic, kennysheep_potato
D:7:      layout_rooms, nicolae_ru_awakened_eye, demons_altar

Skill      XL: |  1  2  3  4  5  6  7  8 |
---------------+-------------------------+-----
Short Blades   | 2 3 4 |  4.0
Fighting       | 4 5 6 |  6.0
Shields        | 2 3 6 7 |  7.0
Dodging        | 2 |  2.0
Armour         | 4 |  4.0
Invocations    | |  2.4

Action                   |  1- 3 |  4- 6 |  7- 9 || total
-------------------------+-------+-------+-------++-------
Melee: Short sword       |   143 |   119 |   266 ||   528
       Kick              |    19 |    31 |    73 ||   123
Invok: Depart the Abyss  |     1 |       |       ||     1
  Use: Scroll            |     3 |       |       ||     3
 Stab: Sleeping          |     1 |       |       ||     1
Armor: Plate armour      |   109 |    87 |   227 ||   423
       Leather armour    |     1 |       |       ||     1
Dodge: Dodged            |    28 |    15 |    28 ||    71
Block: Kite shield       |       |    34 |   132 ||   166

Table legend: (Time is in decaauts)
 A = Elapsed time spent in this place.
 B = Non-inter-level travel time spent in this place.
 C = Inter-level travel time spent in this place.
 D = Time resting spent in this place.
 E = Time spent auto-exploring this place.
 F = Levels seen in this place.
 G = Mean time per level.
                   A        B        C        D        E       F      G
               +--------+--------+--------+--------+--------+-----+--------+
         Total |   7069 |   6863 |    206 |      0 |   5715 |  10 |  706.9 |
       Dungeon |   6934 |   6728 |    206 |      0 |   5635 |   7 |  990.6 |
         Abyss |    134 |    134 |      0 |      0 |     80 |   3 |   44.7 |
               +--------+--------+--------+--------+--------+-----+--------+

Top non-repeatable levels by time:
     D:2: 1509 daAuts
     D:5: 1268 daAuts
     D:4: 1183 daAuts
     D:6: 1175 daAuts
     D:3: 1054 daAuts
     D:1: 612 daAuts
     D:7: 131 daAuts
 Abyss:2: 49 daAuts
 Abyss:1: 49 daAuts
 Abyss:3: 35 daAuts
